 Dungeon Crawl Stone Soup version 0.31.0-10-gcf4a605ca0 (webtiles) character file.

Game seed: 14410837217768878602

1009 Sweeb the Ruffian (level 8, -1/52 HPs)
             Began as an Octopode Shapeshifter on Jan 26, 2024.
             Slain by a gnoll
             ... wielding a +2 halberd of venom
             ... led by a gnoll bouda
              (15 damage)
             ... on level 5 of the Dungeon.
             The game lasted 00:04:33 (4456 turns).

Sweeb the Ruffian (Octopode Shapeshifter)           Turns: 4456, Time: 00:04:33

Health: -1/52      AC:  1    Str: 15    XL:     8   Next: 21%
Magic:  8/8        EV: 14    Int: 13    God:
Gold:   206        SH:  0    Dex: 11    Spells: 7/7 levels left

rFire   . .          .
                       - Unarmed
rCold   . . .        (no shield)
rNeg    . . .        (helmet currently unavailable)
rPois   .            (no amulet)
rElec   .            (no ring)
rCorr   .            (no ring)
SInv    .            (no ring)
Will    .....        (no ring)
Stlth   ++++         (no ring)
HPRegen 0.28/turn    (no ring)
MPRegen 0.11/turn    (no ring)
                     (no ring)

%: no passive effects
@: beast-form
A: beast (slay +3), almost no armour, amphibious, 8 rings, camouflage 1,
gelatinous body 1, (nimble swimmer 1), tentacles
a: Begin Untransformation


You were on level 5 of the Dungeon.
You were a hulking beast.
You visited 1 branch of the dungeon, and saw 5 of its levels.

You collected 206 gold pieces.

Inventory:

Hand Weapons
 p - the +7 short sword of Unueny {flame, Str+3 Stlth+}
   (You found it on level 4 of the Dungeon)

   Str+3:     It affects your strength (+3).
   Stlth+:    It makes you more stealthy.
Jewellery
 d - a ring of fire
 k - a ring of fire
 o - a +6 ring of dexterity
 r - a +5 ring of evasion
 u - an amulet of the acrobat
Talismans
 b - a beast talisman
 c - a flux talisman
Wands
 t - a wand of iceblast (12)
Scrolls
 j - 3 scrolls of teleportation
 l - 2 scrolls of fear
 n - a scroll of brand weapon
 s - a scroll of immolation {unknown}
Potions
 a - a potion of brilliance {unknown}
 e - a potion of curing
 f - a potion of attraction {unknown}
 g - 2 potions of ambrosia {unknown}
 h - a potion of resistance {unknown}
 i - 4 potions of degeneration {unknown}
 m - 3 potions of might {unknown}
 q - a potion of cancellation {unknown}


   Skills:
 + Level 3.5 Fighting
 + Level 4.1 Dodging
 + Level 4.5 Stealth
 * Level 5.7 Unarmed Combat
 * Level 5.3 Shapeshifting


You had 7 spell levels left.
You didn't know any spells.
Your spell library contained the following spells:

 Spells                   Type           Power      Damage    Failure   Level
 Apportation              Tloc           0%         N/A       30%         1
 Jinxbite                 Hex            0%         N/A       43%         2
 Hailstorm                Conj/Ice       0%         3d5       67%         3
 Summon Ice Beast         Ice/Summ       0%         N/A       67%         3
 Alistair's Intoxication  Alch           0%         N/A       100%        5
 Sculpt Simulacrum        Ice/Alch       0%         N/A       100%        6
 Haunt                    Necr/Summ      0%         N/A       100%        7
 Borgnjor's Revivificati  Necr           0%         N/A       100%        8
 Death's Door             Necr           0%         N/A       100%        9


Dungeon Overview and Level Annotations

Branches:
Dungeon (5/15)             Temple (0/1) D:5

Altars:
Fedhas
Trog
Uskayaw
Yredelemnul


Innate Abilities, Weirdness & Mutations

You are a hulking beast.
Your limbs bulge with bestial killing power. (Slay +3)
You cannot wear most types of armour.
You are amphibious.
You can wear up to eight rings at the same time.
Your skin changes colour to match your surroundings (Stealth+).
Your rubbery body absorbs attacks. (AC +1, EV +1)
((You are camouflaged when in or above water. (Stealth+)))
You have tentacles for arms and can constrict up to eight enemies at once.


Message History

There is an open door here.
You open the door.
There is an open door here.
A gnoll bouda and 2 gnolls come into view.
There are monsters nearby!
The helpless gnoll fails to defend itself.
You bludgeon the gnoll! You grab the gnoll. You squeeze the gnoll.
You kill the gnoll!
The gnoll bouda shouts!
The gnoll shouts!
A gnoll comes into view. It is wielding a +2 halberd of venom.
The gnoll misses you.
The gnoll bouda barks out a call to the hunt!
The gnolls pick up the pace!
The gnoll shouts!
You see here a +0 flail.
You tentacle-slap the gnoll. You grab the gnoll. You tentacle-slap the gnoll.
The gnoll is heavily wounded.
You constrict the gnoll.
The gnoll hits you from afar with a +2 halberd of venom!
You are poisoned.
The gnoll hits you with a +0 club.
You tentacle-slap the gnoll.
You squeeze the gnoll, but do no damage.
The gnoll is severely wounded.
You constrict the gnoll.
You kill the gnoll!
You feel very sick. The gnoll completely misses you.
The gnoll bouda hits you with a +0 whip!
You closely miss the gnoll bouda. Your grab misses the gnoll bouda.
You squeeze the gnoll bouda, but do no damage.
You feel sick.
The gnoll hits you from afar with a +2 halberd of venom!
* * * LOW HITPOINT WARNING * * *
You are lethally poisoned!
The gnoll bouda hits you with a +0 whip!
* * * LOW HITPOINT WARNING * * *
You feel better.
The gnoll hits you from afar with a +2 halberd of venom!
You die...

.#
#.........##........###
##...#...###.##..#### #
##.....## #.##..... .
##...## #.###.### ##
##'## #.# #.. . #.##
#.# #### # #.#.## #.#
..###.# #.# #.## #h##
#.# .. #...g)# #.
##..g## # ##... ####


You could see a gnoll bouda and a gnoll (swift).

Vanquished Creatures
  A centaur (D:5)
  2 ogres (D:5)
  A phantom (D:4)
  A scorpion (D:4)
  A howler monkey (D:4)
  2 jellies (D:5)
  3 orc priests
  5 hounds
  A sleepcap (D:5)
  An iguana (D:5)
  3 orc wizards
  2 gnolls (D:5)
  5 adders
  3 dart slugs
  16 orcs
  6 ball pythons
  5 bats
  8 endoplasms
  4 giant cockroaches
  8 hobgoblins
  4 kobolds
  3 quokkas
  4 frilled lizards
  12 goblins
  2 rats
103 creatures vanquished.

Notes
Turn   | Place    | Note
-------+----------+-------------------------------------------
     0 | D:1      | Sweeb the Octopode Shapeshifter began the quest for the
                  | Orb.
     0 | D:1      | Reached XP level 1. HP: 13/13 MP: 1/1
   219 | D:1      | Reached XP level 2. HP: 16/18 MP: 2/2
  1042 | D:2      | Reached XP level 3. HP: 7/23 MP: 3/3
  1097 | D:2      | Reached skill level 1 in Stealth
  1276 | D:2      | Reached XP level 4. HP: 25/29 MP: 4/4
  1766 | D:3      | Reached XP level 5. HP: 25/34 MP: 5/5
  2642 | D:4      | Noticed a phantom
  2652 | D:4      | Killed a phantom
  2653 | D:4      | Reached XP level 6. HP: 37/41 MP: 6/6
  2816 | D:4      | Identified the +7 short sword of Unueny {flame, Str+3
                  | Stlth+}
  2981 | D:4      | Reached XP level 7. HP: 21/45 MP: 7/7
  3165 | D:4      | Found a bloodstained altar of Trog.
  3373 | D:5      | Entered Level 5 of the Dungeon
  3397 | D:5      | Reached skill level 5 in Unarmed Combat
  3812 | D:5      | Found a basalt altar of Yredelemnul.
  3850 | D:5      | Found a hide-covered altar of Uskayaw.
  3872 | D:5      | Found a staircase to the Ecumenical Temple.
  3898 | D:5      | Reached skill level 5 in Shapeshifting
  4028 | D:5      | Identified the +0 leather armour of Oblivion {rPois rF+
                  | Dex-4 SInv}
  4107 | D:5      | Found a blossoming altar of Fedhas.
  4125 | D:5      | Reached XP level 8. HP: 52/52 MP: 8/8
  4456 | D:5      | Slain by a gnoll

Illustrated notes

Levels and vault maps discovered:
D:1:      scummos_arrival_simple_fountains, layout_loops_cross
D:2:      layout_basic
D:3:      layout_basic, kennysheep_decorative_pillar
D:4:      layout_gridville, old_standard_altar, serial_glass, glass_columns_b,
          glass_columns_b, glass_columns_b, glass_columns_a, glass_columns_a,
          glass_columns_c, glass_columns_a, glass_columns_a, glass_columns_a,
          glass_columns_a
D:5:      layout_loops_corners, mainiacjoe_overflow_catwalk, marbit_many_paths,
          mainiacjoe_overflow_catwalk_spiral, minmay_temple_entry_sparse_star,
          abandoned_shop

Skill      XL: |  1  2  3  4  5  6  7 |
---------------+----------------------+-----
Stealth        | 1 2 3 4 |  4.5
Fighting       | 2 3 |  3.5
Unarmed Combat | 4 5 |  5.7
Dodging        | 3 4 |  4.1
Shapeshifting  | 4 5 |  5.3

Action                     |  1- 3 |  4- 6 |  7- 9 || total
---------------------------+-------+-------+-------++-------
  Melee: Unarmed           |    62 |   100 |    60 ||   222
         Constrict         |    11 |    27 |    12 ||    50
         Tentacles         |     7 |    22 |    18 ||    47
         Punch             |     1 |     4 |     2 ||     7
    Use: Scroll            |     2 |     2 |     2 ||     6
         Potion            |     1 |       |     1 ||     2
   Stab: Sleeping          |     3 |     5 |     4 ||    12
         Distracted        |       |       |     1 ||     1
 Armour: Skin              |    39 |    40 |    36 ||   115
  Dodge: Dodged            |    23 |    49 |    25 ||    97
